ORI
UNIVERSITY OF GEORGIA BULLDOGS @ OREGON STATE UNIVERSITY BEAVERS
11/15/2045
 
TOP OF THE 1ST
Jupiter Hammerheads batting - Pitching for St. Lucie Mets : LHP Mario Hernades
Pitching: LHP Mario Hernades
Batting: RHB Lu Tieh 0-0: Swinging Strike
0-1: Ball
1-1: SINGLE (Line Drive, 9S, EV 95.6 MPH)
Batting: LHB Jake Fritz 0-0: Swinging Strike
0-1: Ball
1-1: Ball
2-1: Ball
3-1: Ground out 4-3 (Groundball, 4S, EV 67.5 MPH)
Lu Tieh to second
Batting: RHB Armando Colon 0-0: Ball
1-0: Swinging Strike
1-1: Fly out, F8 (Flyball, 8LD, EV 93.8 MPH)
Batting: RHB Fytor Sousa 0-0: Foul Ball, location: 2F
0-1: Foul Ball, location: 2F
0-2: Foul Ball, location: 2F
0-2: Ground out 5-3 (Groundball, 56S, EV 70.0 MPH)
Top of the 1st over - 0 runs, 1 hit, 0 errors, 1 left on base; Jupiter 0 - St. Lucie 0
BOTTOM OF THE 1ST
St. Lucie Mets batting - Pitching for Jupiter Hammerheads : LHP Shinkichi Kawase
Pitching: LHP Shinkichi Kawase
Batting: RHB Antonio Cacheiro 0-0: Ball
1-0: Ball
2-0: Foul Ball, location: 2F
2-1: Swinging Strike
2-2: Ball
3-2: Strikes out swinging
Batting: RHB José Molina 0-0: Ball
1-0: Ball
2-0: Called Strike
2-1: Ball
3-1: Foul Ball, location: 2F
3-2: DOUBLE (Flyball, 89XD, EV 97.5 MPH)
Batting: RHB Matt Weeks 0-0: Called Strike
0-1: Foul Ball, location: 2F
0-2: Strikes out looking
Batting: SHB Tomas Caldera 0-0: Called Strike
0-1: Ball
1-1: SINGLE (Flyball, 89S, EV 93.1 MPH)
José Molina to third
Runner from 3rd tries for Home, SAFE, throw by RF to home
Batting: RHB Antenor Malva 0-0: Called Strike
0-1: Fielders Choice at 2nd, 6-4 (Groundball, 6, EV 108.8 MPH)
Bottom of the 1st over - 1 run, 2 hits, 0 errors, 1 left on base; Jupiter 0 - St. Lucie 1
TOP OF THE 2ND
Jupiter Hammerheads batting - Pitching for St. Lucie Mets : LHP Mario Hernades
Batting: LHB Juan Alba 0-0: Called Strike
0-1: Called Strike
0-2: Foul Ball, location: 2F
0-2: Foul Ball, location: 2F
0-2: Ball
1-2: Foul Ball, location: 2F
1-2: Ball
2-2: SINGLE (Groundball, 4, EV 105.0 MPH)
Batting: LHB Joe Rosser 0-0: Ball
1-0: Swinging Strike
1-1: Called Strike
1-2: Ball
2-2: Ground out U3 (Groundball, 3L, EV 78.8 MPH)
Juan Alba to second
Batting: SHB Mike Masterson 0-0: Ball
1-0: Fly out, F9 (Flyball, 9, EV 83.1 MPH)
Runner from 2nd tags up, SAFE at 3rd with throw by RF
Batting: LHB Jason McCants 0-0: Foul Ball, location: 2F
0-1: Ball
Wild Pitch!
Juan Alba scores
1-1: Foul Ball, location: 2F
1-2: Strikes out swinging
Top of the 2nd over - 1 run, 1 hit, 0 errors, 0 left on base; Jupiter 1 - St. Lucie 1
BOTTOM OF THE 2ND
St. Lucie Mets batting - Pitching for Jupiter Hammerheads : LHP Shinkichi Kawase
Batting: RHB Vinny Ramales 0-0: Ball
1-0: Ball
2-0: Called Strike
2-1: Ball
3-1: SINGLE (Groundball, 34D, EV 101.9 MPH)
Batting: LHB Julio Crespo 0-0: Ball
1-0: Called Strike
1-1: Fielders Choice at 2nd, 1-6 (Groundball, 34S, EV 66.3 MPH)
Batting: RHB Hector Ayala 0-0: Called Strike
0-1: Ball
1-1: Foul Ball, location: 2F
1-2: SINGLE (Groundball, 5, EV 99.4 MPH)
Julio Crespo to second
Batting: LHB Mario Hernades 0-0: Sac Bunt to 25 - play at first, batter OUT! 5-4
Julio Crespo to third
Hector Ayala to second
Batting: RHB Antonio Cacheiro 0-0: Ball
1-0: Called Strike
1-1: Swinging Strike
1-2: Foul Ball, location: 2F
1-2: Strikes out looking
Bottom of the 2nd over - 0 runs, 2 hits, 0 errors, 2 left on base; Jupiter 1 - St. Lucie 1
TOP OF THE 3RD
Jupiter Hammerheads batting - Pitching for St. Lucie Mets : LHP Mario Hernades
Batting: RHB Shinkichi Kawase 0-0: Ground out 3-1 (Groundball, 34, EV 100.6 MPH)
Batting: RHB Lu Tieh 0-0: Ball
1-0: Ball
2-0: Foul Ball, location: 2F
2-1: Swinging Strike
2-2: Foul Ball, location: 2F
2-2: Fly out, F5 (Line Drive, 5, EV 69.4 MPH)
Batting: LHB Jake Fritz 0-0: SINGLE (Groundball, 4MD, EV 103.8 MPH)
Batting: RHB Armando Colon 0-0: Ball
1-0: Fly out, F8 (Line Drive, 8RD, EV 88.1 MPH)
Top of the 3rd over - 0 runs, 1 hit, 0 errors, 1 left on base; Jupiter 1 - St. Lucie 1
BOTTOM OF THE 3RD
St. Lucie Mets batting - Pitching for Jupiter Hammerheads : LHP Shinkichi Kawase
Batting: RHB José Molina 0-0: Ball
1-0: Foul Ball, location: 2F
1-1: Ground out 4-3 (Groundball, 4M, EV 100.0 MPH)
Batting: RHB Matt Weeks 0-0: Ball
1-0: Ball
2-0: Foul Ball, location: 2F
2-1: Ball
3-1: Reached on error, E6 (Groundball, 6M, EV 87.5 MPH)
Batting: SHB Tomas Caldera 0-0: Called Strike
0-1: Ball
1-1: Fly out, F7 (Flyball, 7D, EV 90.0 MPH)
Runner from 1st tags up, SAFE at 2nd
Batting: RHB Antenor Malva 0-0: Called Strike
0-1: DOUBLE (Line Drive, 78D, EV 108.1 MPH)
Matt Weeks scores
Batting: RHB Vinny Ramales 0-0: Foul Ball, location: 2F
0-1: Ground out 6-3 (Groundball, 6S, EV 71.3 MPH)
Bottom of the 3rd over - 1 run, 1 hit, 1 error, 1 left on base; Jupiter 1 - St. Lucie 2
TOP OF THE 4TH
Jupiter Hammerheads batting - Pitching for St. Lucie Mets : LHP Mario Hernades
Batting: RHB Fytor Sousa 0-0: Ball
1-0: Ball
2-0: Called Strike
2-1: Foul Ball, location: 2F
2-2: Ground out 3-1 (Groundball, 34S, EV 84.4 MPH)
Batting: LHB Juan Alba 0-0: Foul Ball, location: 2F
0-1: Ball
1-1: Called Strike
1-2: Ground out 6-3 (Groundball, 6MD, EV 99.4 MPH)
Batting: LHB Joe Rosser 0-0: Fly out, F7 (Flyball, 78S, EV 91.9 MPH)
Top of the 4th over - 0 runs, 0 hits, 0 errors, 0 left on base; Jupiter 1 - St. Lucie 2
BOTTOM OF THE 4TH
St. Lucie Mets batting - Pitching for Jupiter Hammerheads : LHP Shinkichi Kawase
Batting: LHB Julio Crespo 0-0: Foul Ball, location: 2F
0-1: Ball
1-1: Ball
2-1: Ball
3-1: Base on Balls
Batting: RHB Hector Ayala 0-0: Ball
1-0: Called Strike
1-1: Ball
2-1: Fly out, F9 (Flyball, 9S, EV 93.1 MPH)
Batting: LHB Mario Hernades 0-0: Bunt missed!
0-1: Sac Bunt to 25 - play at first, batter OUT! 5-4
Julio Crespo to second
Batting: RHB Antonio Cacheiro 0-0: Foul Ball, location: 2F
0-1: Ball
1-1: Swinging Strike
1-2: Strikes out swinging
Bottom of the 4th over - 0 runs, 0 hits, 0 errors, 1 left on base; Jupiter 1 - St. Lucie 2
TOP OF THE 5TH
Jupiter Hammerheads batting - Pitching for St. Lucie Mets : LHP Mario Hernades
Batting: SHB Mike Masterson 0-0: Foul Ball, location: 2F
0-1: Ground out 5-3 (Groundball, 56S, EV 69.4 MPH)
Batting: LHB Jason McCants 0-0: Fly out, F9 (Flyball, 9D, EV 86.9 MPH)
Batting: RHB Shinkichi Kawase 0-0: Called Strike
0-1: Ground out 3-1 (Groundball, 34S, EV 88.1 MPH)
Top of the 5th over - 0 runs, 0 hits, 0 errors, 0 left on base; Jupiter 1 - St. Lucie 2
BOTTOM OF THE 5TH
St. Lucie Mets batting - Pitching for Jupiter Hammerheads : LHP Shinkichi Kawase
Batting: RHB José Molina 0-0: Ball
1-0: Called Strike
1-1: Swinging Strike
1-2: Ball
2-2: Foul Ball, location: 2F
2-2: Strikes out swinging
Batting: RHB Matt Weeks 0-0: Called Strike
0-1: Ball
1-1: Ball
2-1: Ball
3-1: Foul Ball, location: 2F
3-2: Base on Balls
Pitching: RHP Alohi Kuaika
Batting: SHB Tomas Caldera 0-0: Ball
1-0: Ball
2-0: Foul Ball, location: 2F
2-1: Foul Ball, location: 2F
2-2: Foul Ball, location: 2F
2-2: SINGLE (Groundball, 6D, EV 106.9 MPH)
Matt Weeks to second
Batting: RHB Antenor Malva 0-0: Called Strike
0-1: Swinging Strike
0-2: Strikes out looking
Batting: RHB Vinny Ramales 0-0: Ball
1-0: Ground out 4-3 (Groundball, 4MS, EV 72.5 MPH)
Bottom of the 5th over - 0 runs, 1 hit, 0 errors, 2 left on base; Jupiter 1 - St. Lucie 2
TOP OF THE 6TH
Jupiter Hammerheads batting - Pitching for St. Lucie Mets : LHP Mario Hernades
Batting: RHB Lu Tieh 0-0: Ball
1-0: Ball
2-0: Called Strike
2-1: Called Strike
2-2: Strikes out swinging
Batting: LHB Jake Fritz 0-0: Ball
1-0: Ball
2-0: Called Strike
2-1: SINGLE (Line Drive, 7S, EV 96.3 MPH)
Batting: RHB Armando Colon 0-0: Ball
1-0: SINGLE (Groundball, 6MD, EV 96.3 MPH)
Jake Fritz to second
Runner from 2nd tries for 3rd, SAFE, throw by CF made to third
Batting: RHB Fytor Sousa 0-0: Fly out, F8 (Flyball, 89M, EV 80.0 MPH)
Runner from 3rd tags up, OUT at HOME! 8-2
Top of the 6th over - 0 runs, 2 hits, 0 errors, 1 left on base; Jupiter 1 - St. Lucie 2
BOTTOM OF THE 6TH
St. Lucie Mets batting - Pitching for Jupiter Hammerheads : RHP Alohi Kuaika
Batting: LHB Julio Crespo 0-0: Ball
1-0: Ground out 4-3 (Groundball, 4, EV 81.3 MPH)
Batting: RHB Hector Ayala 0-0: Ball
1-0: Foul Ball, location: 2F
1-1: Ball
2-1: SINGLE (Groundball, 34D, EV 106.9 MPH)
Batting: LHB Mario Hernades 0-0: Ball
Hector Ayala steals 2nd base
1-0: Ball
2-0: Foul Ball, location: 2F
2-1: Ball
3-1: Called Strike
3-2: Foul Ball, location: 2F
3-2: Foul Ball, location: 2F
3-2: SINGLE (Line Drive, 6M, EV 106.3 MPH)
Hector Ayala to third
Pitching: RHP Jason Cardenas
Batting: RHB Antonio Cacheiro 0-0: Fielders Choice at 2nd, 1-6 (Groundball, 13S, EV 75.0 MPH)
Batting: RHB José Molina 0-0: Ball
1-0: Foul Ball, location: 2F
1-1: Called Strike
1-2: Strikes out swinging
Bottom of the 6th over - 0 runs, 2 hits, 0 errors, 2 left on base; Jupiter 1 - St. Lucie 2
TOP OF THE 7TH
Jupiter Hammerheads batting - Pitching for St. Lucie Mets : LHP Mario Hernades
Batting: LHB Juan Alba 0-0: Ground out U3 (Groundball, 3, EV 103.1 MPH)
Batting: LHB Joe Rosser 0-0: SINGLE (Line Drive, 78S, EV 106.3 MPH)
Batting: SHB Mike Masterson 0-0: Ball
1-0: Called Strike
1-1: Called Strike
1-2: Ball
2-2: SINGLE (Groundball, 23, EV 72.5 MPH) (infield hit)
Joe Rosser to second
Batting: LHB Jason McCants 0-0: Grounds into double play, 4-6-3 (Groundball, 34, EV 98.8 MPH)
Top of the 7th over - 0 runs, 2 hits, 0 errors, 1 left on base; Jupiter 1 - St. Lucie 2
BOTTOM OF THE 7TH
St. Lucie Mets batting - Pitching for Jupiter Hammerheads : RHP Jason Cardenas
Pitching: RHP Philip Veenstra
Batting: RHB Matt Weeks 0-0: Ball
1-0: Ball
2-0: Ground out U3 (Groundball, 3, EV 100.0 MPH)
Batting: SHB Tomas Caldera 0-0: Ball
1-0: Ball
2-0: Ball
3-0: Called Strike
3-1: DOUBLE (Flyball, 8RD, EV 106.9 MPH)
Batting: RHB Antenor Malva 0-0: Ball
1-0: Fly out, F7 (Flyball, 78D, EV 104.4 MPH)
Batting: RHB Vinny Ramales 0-0: Ball
1-0: Foul Ball, location: 2F
1-1: Ball
2-1: Ball
3-1: Base on Balls
Pitching: LHP Jose Aguilar
Batting: LHB Julio Crespo 0-0: Called Strike
0-1: Called Strike
0-2: Ball
1-2: Ball
2-2: Foul Ball, location: 2F
2-2: Ball
3-2: Base on Balls
Tomas Caldera to third
Vinny Ramales to second
Batting: RHB Hector Ayala 0-0: Called Strike
0-1: Foul Ball, location: 2F
0-2: Ball
1-2: Foul Ball, location: 2F
1-2: Ground out 4-3 (Groundball, 4, EV 103.8 MPH)
Bottom of the 7th over - 0 runs, 1 hit, 0 errors, 3 left on base; Jupiter 1 - St. Lucie 2
TOP OF THE 8TH
Jupiter Hammerheads batting - Pitching for St. Lucie Mets : LHP Mario Hernades
Pinch Hitting: RHB Tony Pedraza 0-0: Called Strike
0-1: Ball
1-1: Foul Ball, location: 2F
1-2: Ball
2-2: Ground out 6-3 (Groundball, 6, EV 108.1 MPH)
Batting: RHB Lu Tieh 0-0: Foul Ball, location: 2F
0-1: Foul Ball, location: 2F
0-2: Ball
1-2: Ball
2-2: Strikes out swinging
Batting: LHB Jake Fritz 0-0: Ground out 4-3 (Groundball, 13, EV 85.6 MPH)
Top of the 8th over - 0 runs, 0 hits, 0 errors, 0 left on base; Jupiter 1 - St. Lucie 2
BOTTOM OF THE 8TH
St. Lucie Mets batting - Pitching for Jupiter Hammerheads : LHP Jose Aguilar
Pitching: RHP David Fairbank
Pinch Hitting: LHB Chris Pulsipher 0-0: Called Strike
0-1: Ball
1-1: Ground out 1-3 (Groundball, 23, EV 71.3 MPH)
Batting: RHB Antonio Cacheiro 0-0: Ball
1-0: Foul Ball, location: 2F
1-1: SINGLE (Groundball, 56D, EV 95.6 MPH)
Batting: RHB José Molina 0-0: Called Strike
0-1: Ball
1-1: Foul Ball, location: 2F
1-2: Ball
2-2: Ball
3-2: Base on Balls
Antonio Cacheiro to second
Batting: RHB Matt Weeks 0-0: Grounds into double play, 6-4-3 (Groundball, 6, EV 78.8 MPH)
Bottom of the 8th over - 0 runs, 1 hit, 0 errors, 1 left on base; Jupiter 1 - St. Lucie 2
TOP OF THE 9TH
Jupiter Hammerheads batting - Pitching for St. Lucie Mets : LHP Mario Hernades
Pitching: RHP Nestor Fleites
Now at SS: Dave Contreras
Now in CF: Jarne ter Horst
Batting: RHB Armando Colon 0-0: Ball
1-0: Called Strike
1-1: Ball
2-1: Foul Ball, location: 2F
2-2: Foul Ball, location: 2F
2-2: Ball
3-2: Foul Ball, location: 2F
3-2: Foul Ball, location: 2F
3-2: Base on Balls
Pinch Hitting: LHB Manny Barahona 0-0: Foul Ball, location: 2F
0-1: Fly out, F4 (Flyball, 34D, EV 93.1 MPH)
Batting: LHB Juan Alba 0-0: Called Strike
0-1: Ball
1-1: Ball
2-1: Ball
3-1: Swinging Strike
3-2: Fielders Choice at 2nd, 3-6 (Groundball, 3, EV 91.3 MPH)
Batting: LHB Joe Rosser 0-0: Called Strike
0-1: Swinging Strike
0-2: DOUBLE (Flyball, 78D, EV 89.4 MPH)
Juan Alba to third
Batting: SHB Mike Masterson 0-0: Intentional Walk
Pinch Hitting: LHB Larry Shumate 0-0: Called Strike
0-1: Swinging Strike
0-2: Ball
1-2: Strikes out swinging
Top of the 9th over - 0 runs, 1 hit, 0 errors, 3 left on base; Jupiter 1 - St. Lucie 2
Wednesday, June 22nd , 2022 - OOTP Baseball 23.4 Build 64